 Dungeon Crawl Stone Soup version 0.21-a0-641-geef9d7f (webtiles) character file.

777 Zhaine the Chucker (level 7, 0/67 HPs)
             Began as a Troll Arcane Marksman on Dec 30, 2017.
             Succumbed to Nattefrost's ghost's sting
             ... on level 4 of the Dungeon.
             The game lasted 00:45:55 (3457 turns).

Zhaine the Chucker (Troll Arcane Marksman)          Turns: 3457, Time: 00:45:55

Health: 0/67       AC:  5    Str: 17 (19) XL:     7   Next: 54%
Magic:  7/7        EV: 11    Int:  6 (9)  God:
Gold:   105        SH:  0    Dex: 10 (12) Spells: 5/8 levels left

rFire    . . .     SeeInvis .     - Unarmed
rCold    . . .     Gourm    +   (no shield)
rNeg     . . .     Faith    .   a - +0 robe
rPois    .         Spirit   .   (helmet restricted)
rElec    .         Reflect  .   (no cloak)
rCorr    .         Harm     .   (gloves unavailable)
MR       .....                  (boots unavailable)
Stlth    +.........             (no amulet)
HPRegen  0.61/turn              (no ring)
MPRegen  0.10/turn              (no ring)

@: lethally poisoned (0 -> -2)
A: large, unfitting armour, claws 3, fast metabolism 3, gourmand, regeneration
1, shaggy fur 1, tough skin 2
a: no special abilities


You were on level 4 of the Dungeon.
You were very full.

You visited 1 branch of the dungeon, and saw 4 of its levels.

You collected 105 gold pieces.

Inventory:

Hand Weapons
 c - a +4 whip
Missiles
 e - 233 stones (quivered)
 p - a throwing net
Armour
 a - a +0 robe (worn)
 t - a +0 large shield
Wands
 q - a wand of iceblast (3)
Scrolls
 g - 2 scrolls of identify
 x - a scroll of fog {unknown}
Potions
 l - a potion of agility
 r - a potion of degeneration
 u - 2 potions of haste
Books
 b - a book of Debilitation

   Spells                             Type                      Level
   a - Corona                         Hexes                        1
   b - Slow                           Hexes                        2
   c - Inner Flame                    Hexes/Fire                   3
   d - Portal Projectile              Hexes/Translocation          3
   e - Cause Fear                     Hexes                        4
   f - Leda's Liquefaction            Hexes/Earth                  4
 w - a book of Cantrips

   Spells                             Type                      Level
   a - Confusing Touch                Hexes                        1
   b - Animate Skeleton               Necromancy                   1
   c - Summon Small Mammal            Summoning                    1
   d - Apportation                    Translocation                1
Comestibles
 f - 5 rations
 h - 3 chunks of flesh


   Skills:
 + Level 3.4 Fighting
 + Level 4.2 Throwing
 + Level 3.8 Dodging
 - Level 2.2 Unarmed Combat
 - Level 1.0 Spellcasting
 + Level 3.0 Hexes


You had 5 spell levels left.
You knew the following spells:

 Your Spells              Type           Power        Failure   Level  Hunger
a - Corona                Hex            #......      13%         1    ##.....
b - Slow                  Hex            #.......     21%         2    ###....


Dungeon Overview and Level Annotations

Branches:
Dungeon (4/15)
 Temple: D:4-7

Altars:
Dithmenos
Qazlal

Annotations:
D:4 Nattefrost's ghost, novice MfVM; Pikel


Innate Abilities, Weirdness & Mutations

You are too large for most types of armour.
You have claws for hands.
Your metabolism is lightning-fast.
You like to eat raw meat.
Your natural rate of healing is unusually fast.
You are covered in fur. (AC +1)
You have very tough skin. (AC +2)


Message History

It was a potion of haste.
You feel yourself speed up.
* * * LOW HITPOINT WARNING * * *
You feel sick.
It was a potion of degeneration.
There was something very wrong with that liquid.
You feel weakened.
You feel dopey.
You feel clumsy.
* * * LOW HITPOINT WARNING * * *
You feel sick.
* * * LOW HITPOINT WARNING * * *
You feel sick.
It was a potion of cancellation.
Your magical effects are unravelling.
You feel magically purged.
You feel yourself slow down.
* * * LOW HITPOINT WARNING * * *
You feel sick.
As you read the scroll labeled GAEMARIHIO, it crumbles to dust.
Your claws glow shimmering indigo for a moment.
It was a scroll of random uselessness.
You die...

#.#.# #.......# #.#
*#.#.##########......#######.#
,..#.............###....W....#
*################# #W#########
#.# #.# ### #.#
##.##############W#
#.#..........@....#
##.################ #.#
#####.# ......# #######


You could see Nattefrost's ghost.

Vanquished Creatures
  The ghost of newuser the Conjurer, an amateur OgFE (D:3)
  A slave (D:4)
  2 ogres
  A necrophage (D:4)
  An orc priest (D:4)
  A hound (D:4)
  A worker ant (D:4)
  3 gnolls (D:4)
  8 adders
  An ooze (D:3)
  An adder skeleton (D:4)
  3 worms
  3 dart slugs
  3 leopard geckos
  6 orcs
  5 giant cockroaches
  8 goblins
  7 hobgoblins
  10 jackals
  5 quokkas
  3 ball pythons
  10 bats
  4 frilled lizards
  8 kobolds
  A leopard gecko skeleton (D:4)
  2 quokka skeletons (D:4)
  8 rats
107 creatures vanquished.

Notes
Turn   | Place    | Note
-------+----------+-------------------------------------------
     0 | D:1      | Zhaine the Troll Arcane Marksman began the quest for the Orb.
     0 | D:1      | Reached XP level 1. HP: 18/18 MP: 1/1
    79 | D:1      | Reached skill level 1 in Fighting
   112 | D:1      | Reached skill level 2 in Throwing
   112 | D:1      | Reached XP level 2. HP: 10/27 MP: 2/2
   247 | D:1      | Reached skill level 1 in Unarmed Combat
   491 | D:1      | Reached XP level 3. HP: 33/33 MP: 3/3
   997 | D:2      | Reached XP level 4. HP: 40/41 MP: 4/4
  1011 | D:2      | Learned a level 2 spell: Slow
  1031 | D:2      | Noticed an ogre
  1038 | D:2      | Killed an ogre
  1038 | D:2      | Reached XP level 5. HP: 49/49 MP: 5/5
  1407 | D:2      | Reached skill level 3 in Throwing
  1684 | D:3      | Noticed newuser's ghost (amateur OgFE)
  2077 | D:3      | Found a stormy altar of Qazlal.
  2157 | D:3      | Killed newuser's ghost
  2157 | D:3      | Reached XP level 6. HP: 4/59 MP: 6/6
  2333 | D:4      | Reached XP level 7. HP: 41/66 MP: 7/7
  2379 | D:4      | Noticed Nattefrost's ghost (novice MfVM)
  2457 | D:4      | Found a shadowy altar of Dithmenos.
  2964 | D:4      | Reached skill level 4 in Throwing
  3314 | D:4      | Noticed Pikel
  3451 | D:4      | HP: 2/67 [poisoned by Nattefrost's ghost (sting)]
  3456 | D:4      | HP: 1/67 [poisoned by Nattefrost's ghost (sting)]
  3457 | D:4      | Succumbed to Nattefrost's ghost's sting

Vault maps used:
D:1:      saegor_arrival_simple_c
D:2:      minmay_shallow_snake_nest
D:3:      grunt_qazlal_clouds
D:4:      nicolae_dithmenos_the_darkroom, uniq_pikel

Skill      XL: |  1  2  3  4  5  6  7 |
---------------+----------------------+-----
Fighting       | 1 2 3 |  3.4
Throwing       | 2 3 4 |  4.2
Unarmed Combat | 1 2 |  2.2
Dodging        | 2 3 |  3.8
Hexes          | 3 |  3.0
Spellcasting   | |  1.0

Action                   |  1- 3 |  4- 6 |  7- 9 || total
-------------------------+-------+-------+-------++-------
Melee: Unarmed           |    95 |    83 |   105 ||   283
       Punch             |     1 |     1 |     1 ||     3
Throw: Large rock        |    29 |    14 |     6 ||    49
       Throwing net      |     1 |     1 |       ||     2
       Stone             |       |    32 |    39 ||    71
 Cast: Corona            |       |       |     2 ||     2
       Slow              |       |       |     1 ||     1
Evoke: Wand              |       |     1 |     3 ||     4
  Use: Scroll            |       |     3 |     8 ||    11
       Potion            |       |       |     5 ||     5
 Stab: Sleeping          |       |     1 |       ||     1
  Eat: Chunk             |    15 |    12 |    10 ||    37
Armor: Robe              |    52 |    25 |    19 ||    96
       Skin              |       |       |     1 ||     1
Dodge: Dodged            |    70 |    35 |    57 ||   162

Table legend:
 A = Spawn XP
 B = Non-spawn XP
 C = Spawn XP percentage of total XP
 D = Spawn monster count
 E = Non-spawn monster count
 F = Spawn count percentage of total count
 G = Total turns spent on level
                    A         B        C        D         E        F      G
               +---------+---------+-------+---------+---------+-------+---------
         Total |       0 |    1111 |   0.0 |       0 |     106 |   0.0 |  3457
               +---------+---------+-------+---------+---------+-------+---------
           D:1 |       0 |      45 |   0.0 |       0 |      28 |   0.0 |   673
           D:2 |       0 |     225 |   0.0 |       0 |      31 |   0.0 |  1017
           D:3 |       0 |     385 |   0.0 |       0 |      18 |   0.0 |   707
           D:4 |       0 |     456 |   0.0 |       0 |      29 |   0.0 |  1060
               +---------+---------+-------+---------+---------+-------+---------
